 Dungeon Crawl Stone Soup version 0.29.1-13-g9f3cf754e1 (webtiles) character file.

Game seed: 9624940987072984557

17 Thatpatchoflichen the Trooper (level 2, -1/24 HPs)
             Began as a Demonspawn Fighter on Feb 3, 2023.
             Frozen to death by an endoplasm (5 damage)
             ... on level 2 of the Dungeon.
             The game lasted 00:01:48 (1269 turns).

Thatpatchoflichen the Trooper (Demonspawn Fighter)  Turns: 1269, Time: 00:01:49

Health: -1/24      AC:  6    Str: 16    XL:     2   Next: 44%
Magic:  0/2        EV: 10    Int:  9    God:
Gold:   48         SH:  4    Dex: 12    Spells: 1/1 levels left

rFire   . . .      SeeInvis .   a - +0 long sword
rCold   . . .      Faith    .   c - +0 buckler
rNeg    . . .      Spirit   +   b - +0 scale mail
rPois   .          Reflect  .   (no helmet)
rElec   .          Harm     .   (no cloak)
rCorr   .          Rampage  .   (no gloves)
Will    .....                   (no boots)
Stlth   ..........              e - amulet of guardian spirit
HPRegen 0.08/turn               (no ring)
MPRegen 0.08/turn               (no ring)

@: slowed, very slow
A: repulsion field 1
a: no special abilities


You were on level 2 of the Dungeon.
You visited 1 branch of the dungeon, and saw 2 of its levels.

You collected 48 gold pieces.

Inventory:

Hand Weapons
 a - a +0 long sword (weapon)
Armour
 b - a +0 scale mail (worn)
 c - a +0 buckler (worn)
Jewellery
 e - an amulet of guardian spirit (around neck)
Scrolls
 f - 3 scrolls of teleportation {unknown}
 g - a scroll of enchant weapon {unknown}
 j - a scroll of brand weapon {unknown}
 k - a scroll of identify {unknown}
Potions
 d - a potion of might
 h - a potion of lignification {unknown}
 i - a potion of heal wounds {unknown}


   Skills:
 + Level 3.2 Fighting
 + Level 2.1 Long Blades
 + Level 2.9 Armour
 + Level 2.9 Shields


You had one spell level left.
You didn't know any spells.
Your spell library contained the following spells:

 Spells                   Type           Power      Damage    Failure   Level
 Sublimation of Blood     Necr           0%         N/A       96%         2
 Sticky Flame             Conj/Fire      0%         2d3       100%        4
 Fireball                 Conj/Fire      0%         3d3       100%        5


Dungeon Overview and Level Annotations

Branches:
Dungeon (2/15)

Altars:

Annotations:
D:2 Natasha, Sigmund


Innate Abilities, Weirdness & Mutations

You are surrounded by a mild repulsion field. (EV +2)


Message History

Natasha barely misses you. The endoplasm freezes you.
You are frozen.
Natasha barely misses you.
You hit Natasha but do no damage.
The endoplasm hits you but does no damage.
Natasha extends her claws.
Natasha closely misses you. The endoplasm freezes you.
You are frozen.
Natasha misses you.
You closely miss Natasha.
Sigmund the Dreaded comes into view.
He is wielding a +0 scythe.
The goblin closely misses you.
The endoplasm hits you but does no damage.
You block Natasha's attack. The goblin hits you but does no damage.
The endoplasm hits you but does no damage.
You block Natasha's attack.
Sigmund moves out of view.
You slash Natasha!
Natasha is severely wounded.
The goblin hits you but does no damage.
The endoplasm hits you but does no damage.
You block Natasha's attack. The endoplasm freezes you.
You are frozen.
The goblin hits you with a +0 dagger. Natasha misses you.
You hit Natasha.
Natasha is almost dead.
The goblin barely misses you. The endoplasm hits you.
* * * LOW HITPOINT WARNING * * *
Natasha casts a spell.
The endoplasm hits you but does no damage.
The goblin barely misses you. Natasha claws you but does no damage.
You hit Natasha.
Natasha is almost dead.
The endoplasm closely misses you. You block the goblin's attack.
Natasha howls an incantation.
Natasha's front paws start to glow.
Natasha claws you.
* * * LOW HITPOINT WARNING * * *
The endoplasm freezes you.
You are frozen.
You die...

.. #g ###. .. #..# ..
#. #..
.......##.###.#
...$.......##.#
..........#.g#####...
#.........Sh@Jb.....
#.........5#########
#..........#
#..........###
#............##
#.............##
#....>....###....#
#..........# #.#.#
####.#...#.# #.# #


You could see Natasha, a white imp (summoned), an endoplasm, a goblin, a bat and
a ball python.

Vanquished Creatures
  3 bats
  2 giant cockroaches (D:1)
  3 goblins
  2 hobgoblins
  4 kobolds (D:1)
  A rat (D:1)
15 creatures vanquished.

Notes
Turn   | Place    | Note
-------+----------+-------------------------------------------
     0 | D:1      | Thatpatchoflichen the Demonspawn Fighter began the quest
                  | for the Orb.
     0 | D:1      | Reached XP level 1. HP: 18/18 MP: 1/1
   373 | D:1      | Gained mutation: You are surrounded by a mild repulsion
                  | field. (EV +2) [demonic ancestry]
   373 | D:1      | Reached XP level 2. HP: 20/24 MP: 2/2
   499 | D:1      | Found a faded altar of an unknown god.
   502 | D:1      | Got the Collected Works on Malignant Arts and Ignition
  1257 | D:2      | Noticed Natasha
  1266 | D:2      | Noticed Sigmund
  1269 | D:2      | Frozen to death by an endoplasm

Illustrated notes

Levels and vault maps discovered:
D:1:      shiori_arrival_maze, layout_basic, ebering_ecumenical_altar_abandoned,
          chequers_mini_garden, nicolae_titane
D:2:      layout_rooms, basic_altar, uniq_natasha, uniq_sigmund

Skill      XL: |  1 |
---------------+----+-----
Long Blades    | 2 |  2.1
Fighting       | |  3.2
Armour         | |  2.9
Shields        | |  2.9

Action                   || total
-------------------------++-------
Melee: Long sword        ||    66
Armor: Scale mail        ||    30
Dodge: Dodged            ||    47
Block: Buckler           ||    24
